 Dungeon Crawl Stone Soup version 0.30-a0-304-gdc4b735fe1 (webtiles) character file.

Game seed: 3239756480768635489

4 MrRokkomies the Sneak (level 1, -1/19 HPs)
             Began as an Armataur Delver on Oct 20, 2022.
             Slain by a worm (7 damage)
             ... on level 4 of the Dungeon.
             The game lasted 00:03:41 (406 turns).

MrRokkomies the Sneak (Armataur Delver)              Turns: 406, Time: 00:03:42

Health: -1/19      AC:  5    Str: 17    XL:     1   Next: 58%
Magic:  1/1        EV:  8    Int: 10    God:
Gold:   34         SH:  0    Dex: 11    Spells: 0/0 levels left

rFire   . . .      SeeInvis .    a - +1 short sword
rCold   . . .      Faith    .    (no shield)
rNeg    . . .      Spirit   .    d - +0 ring mail
rPois   .          Reflect  .    (no helmet)
rElec   .          Harm     .    (no cloak)
rCorr   .          Roll     +    (no gloves)
Will    .....                    (no barding)
Stlth   ++........               (no amulet)
HPRegen 0.23/turn                (no ring)
MPRegen 0.07/turn                (no ring)

@: no status effects
A: large, rugged brown scales 3, deformed body, armoured tail, roll, long
tongue, awkward tongue
a: no special abilities


You were on level 4 of the Dungeon.
You visited 1 branch of the dungeon, and saw 2 of its levels.

You collected 34 gold pieces.

Inventory:

Hand Weapons
 a - a +1 short sword (weapon)
Missiles
 e - 4 boomerangs (quivered)
Armour
 b - a +0 leather armour
 d - a +0 ring mail (worn)
Magical Staves
 f - a staff of cold
Jewellery
 i - a ring of flight
Wands
 g - a wand of digging (3)
Scrolls
 c - a scroll of fog
 j - a scroll of identify {unknown}
Potions
 h - 2 potions of lignification {unknown}


   Skills:
 * Level 2.7 Fighting
 * Level 1.9 Short Blades
 + Level 0.0 Armour
 + Level 1.5 Dodging
 - Level 5.5 Stealth


You couldn't memorise any spells.
You didn't know any spells.
Your spell library was empty.

Dungeon Overview and Level Annotations

Branches:
Dungeon (5/15)
 Temple: D:4-7

Altars:

Annotations:
D:4 1 runed translucent door, Dwachs's ghost, amateur DjIE; Pikel


Innate Abilities, Weirdness & Mutations

You are completely covered in rugged brown scales. (AC +3, +7% HP)
Armour fits poorly on your strangely shaped body.
You have a long armoured tail.
You roll when moving toward enemies. (Rampage)
Your long tongue fully drains potion bottles. (2x potion effects)
Your tongue gives you trouble enunciating. (1.5x scroll delay)


Message History

You miss the hound.
Your tail-slap misses the hound.
The hound is lightly wounded.
The hound closely misses you. x2
You barely miss the hound.
Your tail-slap misses the hound.
The hound is lightly wounded.
The hound barely misses you.
You closely miss the hound.
The hound is lightly wounded.
The hound completely misses you. The hound bites you.
You barely miss the hound.
The hound is lightly wounded.
The hound bites you.
You barely miss the hound.
Your tail-slap misses the hound.
The hound is lightly wounded.
The hound bites you but does no damage.
You hit the hound.
The hound is lightly wounded.
The hound bites you but does no damage. x2
You hit the hound. You tail-slap the hound.
The hound is moderately wounded.
The hound barely misses you.
You hit the hound.
The hound is heavily wounded.
The hound barely misses you.
You barely miss the hound.
The hound is heavily wounded.
The hound bites you. The hound bites you but does no damage.
You closely miss the hound.
The hound is heavily wounded.
The hound bites you but does no damage.
You hit the hound.
The hound is heavily wounded.
The hound bites you but does no damage.
You hit the hound.
Your tail-slap misses the hound.
The hound is severely wounded.
The hound bites you. The hound misses you.
You hit the hound.
The hound is severely wounded.
The hound bites you. The worm bites you!
You die...

#......##...#.# #..##
######.##...#'###
######..# #.##.......#
#.......# #.##.(.....#
#.#####.#
#.##.......####.#####.##
#.##.......#....##......
#..........#...# #......
#..........'...# #......
#.....h@>.##...###......
#(....w..###.........###
#........# #.........##
#........# ##.........##
#####...## #.....###...#
#...# #....##⌠##...
#...# #...##...##..
#...# #..##..?..##.
###.# #..#⌠..7...+.


You could see a worm and a hound.

Vanquished Creatures
  An orc (D:5)
  A ball python (D:4)
  A hobgoblin (D:4)
3 creatures vanquished.

Vanquished Creatures (others)
  8 plants (D:4)
8 creatures vanquished.

Grand Total: 11 creatures vanquished

Notes
Turn   | Place    | Note
-------+----------+-------------------------------------------
     0 | D:5      | MrRokkomies the Armataur Delver began the quest for the
                  | Orb.
     0 | D:5      | Reached XP level 1. HP: 19/19 MP: 1/1
    82 | D:5      | Noticed a scorpion
   199 | D:4      | Noticed Pikel
   212 | D:4      | Noticed a hound
   212 | D:4      | Noticed a hound
   239 | D:4      | Found a runed translucent door.
   239 | D:4      | Noticed Dwachs's ghost (amateur DjIE)
   264 | D:4      | Noticed a hound
   406 | D:4      | Slain by a worm

Illustrated notes

Levels and vault maps discovered:
D:4:      layout_basic, hellmonk_ghost_happy_afterlife, serial_bayou,
          serial_bayou_shore_a, serial_bayou_pond_e, serial_bayou_shore_b,
          serial_bayou_pond_b, serial_bayou_pond_e, serial_bayou_pond_e,
          cheibrodos_gnoll_hut, uniq_pikel
D:5:      nicolae_cairo_tiling_very_big, layout_basic

Action                   || total
-------------------------++-------
Melee: Short sword       ||    22
       Tailslap          ||     2
  Use: Scroll            ||     5
       Potion            ||     1
 Stab: Sleeping          ||     1
Armor: Ring mail         ||    10
       Leather armour    ||     6
Dodge: Dodged            ||    29

Table legend: (Time is in decaauts)
 A = Elapsed time spent in this place.
 B = Non-inter-level travel time spent in this place.
 C = Inter-level travel time spent in this place.
 D = Time resting spent in this place.
 E = Time spent auto-exploring this place.
 F = Levels seen in this place.
 G = Mean time per level.
                   A        B        C        D        E       F      G
               +--------+--------+--------+--------+--------+-----+--------+
         Total |    389 |    389 |      0 |     37 |    165 |   2 |  194.5 |
       Dungeon |    389 |    389 |      0 |     37 |    165 |   2 |  194.5 |
               +--------+--------+--------+--------+--------+-----+--------+

Top non-repeatable levels by time:
     D:4: 270 daAuts
     D:5: 118 daAuts
